 Dungeon Crawl Stone Soup version 0.27.1-16-g815e20cd7a (webtiles) character file.

Game seed: 17609664609901905252

2389 zeram the Summoner (level 9, -3/74 HPs)
             Began as a Troll Summoner on Nov 22, 2021.
             Was an Initiate of Gozag.
             Shot with an arrow by a centaur warrior (25 damage)
             ... on level 8 of the Dungeon.
             The game lasted 00:19:57 (6399 turns).

zeram the Summoner (Troll Summoner)                 Turns: 6399, Time: 00:19:59

Health: -3/74      AC:  5    Str: 18    XL:     9   Next: 22%
Magic:  6/9        EV: 12    Int: 14    God:    Gozag
Gold:   721        SH:  0    Dex: 16    Spells: 1/10 levels left

rFire    . . .     SeeInvis .   l - +7 club (spect)
rCold    . . .     Faith    .   (no shield)
rNeg     . . .     Spirit   .   a - +0 robe
rPois    .         Reflect  .   (helmet restricted)
rElec    .         Harm     .   f - +0 cloak
rCorr    +         Rampage  .   (gloves unavailable)
Will     .....                  (boots unavailable)
Stlth    ++........             o - amulet of regeneration
HPRegen  2.22/turn              d - ring of resist corrosion
MPRegen  0.11/turn              n - +6 ring of dexterity

@: very slightly contaminated
A: large, unfitting armour, claws 3, regeneration 1, shaggy fur 1, tough skin 1
a: Renounce Religion, Potion Petition, Call Merchant, Bribe Branch


You were on level 8 of the Dungeon.
You worshipped Gozag.
Gozag was pleased with you.
You visited 2 branches of the dungeon, and saw 9 of its levels.
You also visited: Sewer.

You collected 776 gold pieces.
You paid 55 gold pieces to Gozag.

Inventory:

Hand Weapons
 g - a +0 club
 h - a +5 vorpal hand axe
 l - a +7 spectral club (weapon)
 p - a +0 giant spiked club of flaming
Armour
 a - a +0 robe (worn)
 f - a +0 cloak (worn)
Jewellery
 d - a ring of resist corrosion (left claw)
 n - a +6 ring of dexterity (right claw)
 o - an amulet of regeneration (around neck)
 r - a ring of ice
Wands
 k - a wand of iceblast (13)
 w - a wand of mindburst (10)
Scrolls
 e - a scroll of teleportation
 m - a scroll of blinking
 s - 3 scrolls of immolation {unknown}
 u - a scroll of silence {unknown}
Potions
 b - 2 potions of curing
 c - a potion of heal wounds
 i - 2 potions of might
 j - 2 potions of flight
 q - a potion of lignification
 v - a potion of cancellation
 x - a potion of resistance {unknown}


   Skills:
 + Level 4.5 Maces & Flails
 + Level 4.7 Dodging
 - Level 1.0 Stealth
 - Level 1.2 Spellcasting
 * Level 8.2 Summonings


You had one spell level left.
You knew the following spells:

 Your Spells              Type           Power      Damage    Failure   Level
a - Summon Lightning Spi  Summ/Air       12%        N/A       43%         4
b - Call Imp              Summ           23%        N/A       1%          2
c - Call Canine Familiar  Summ           23%        N/A       2%          3

Your spell library contained the following spells:

 Spells                   Type           Power      Damage    Failure   Level
 Summon Small Mammal      Summ           92%        N/A       1%          1
 Summon Guardian Golem    Hex/Summ       12%        N/A       14%         3
 Portal Projectile        Hex/Tloc       0%         N/A       61%         3
 Animate Dead             Necr           0%         N/A       95%         4
 Leda's Liquefaction      Hex/Erth       0%         N/A       95%         4
 Haunt                    Necr/Summ      6%         N/A       100%        7
 Infestation              Necr           0%         N/A       100%        8


Dungeon Overview and Level Annotations

Branches:
Dungeon (8/15)             Temple (1/1) D:4           Sewer (visited)
   Lair: D:8-11

Altars:
Ashenzari
Elyvilon
Fedhas
Gozag
Kikubaaqudgha
Makhleb
Okawaru
Qazlal
Ru
Sif Muna
Uskayaw
Xom
Yredelemnul
Zin

Shops:
D:5 :[:   D:6 :

Annotations:
D:7 Joseph


Innate Abilities, Weirdness & Mutations

You are too large for most types of armour.
You have claws for hands.
Your natural rate of healing is unusually fast.
You are covered in fur. (AC +1)
You have tough skin. (AC +1)


Message History

You kill the wyvern!
You start resting.
Your crimson imp blinks!
You hear the faint creaking of a very distant portcullis.
You start resting.
Your crimson imp disappears in a puff of smoke!
Your shadow imp disappears in a puff of smoke!
Your crimson imp disappears in a puff of smoke!
Magic restored.
Found a scale mail.
You now have 721 gold pieces (gained 20).
Found a diamond ring.
Found a runed quarterstaff and an aquamarine-encrusted leather armour.
A centaur warrior comes into view.
The centaur warrior shouts!
The centaur warrior wields a +0 longbow.
The centaur warrior shoots an arrow.
The arrow hits you!
Casting: Call Imp (safe; 1% risk of failure)
Confirm with . or Enter, or press ? or * to list all spells.
A metallic apparition takes form in the air.
The centaur warrior shoots an arrow.
The arrow hits your iron imp!
Casting: Call Imp (safe; 1% risk of failure)
Confirm with . or Enter, or press ? or * to list all spells.
You miscast Call Imp.
You are very lightly contaminated with residual magic.
Nothing appears to happen.
The purple ugly thing gurgles horribly!
The centaur warrior shoots an arrow.
The arrow hits your iron imp!
Your iron imp dies!
Your iron imp disappears in a puff of smoke!
The centaur warrior shoots an arrow.
The arrow hits you!
The centaur warrior shoots an arrow.
The arrow hits you!!
The centaur warrior shoots an arrow.
The arrow hits you.
The centaur warrior shoots an arrow.
The arrow hits you!
* * * LOW HITPOINT WARNING * * *
There is a stone staircase leading up here.
You hear the faint creaking of a very distant portcullis.
The centaur warrior shoots an arrow.
The arrow hits you!!
You die...
Your body crumbles into a pile of gold.

#+####### #.......#
##[.#####.# #.#
.##.......#####.##.#
..##.###...........#
#..##.#..@......####
##..##.#....#####
)##.l##.....#
.=##.u##..###
.##..##...##
##..##c.##.#
...##..##.##
..##..##.!#
[##..##.#.#


You could see a purple ugly thing, a centaur warrior and a basilisk.

Vanquished Creatures
  A wyvern (D:8)
  3 steam dragons (D:6)
  A water moccasin (D:6)
  An ice beast (D:7)
  2 necrophages
  2 ogres
  A centaur (D:7)
  A kobold brigand (Sewer)
  A bullfrog (D:7)
  4 scorpions
  A hound (D:6)
  2 centaur skeletons
  3 orc priests
  Crazy Yiuf (D:2)
  A bullfrog skeleton (D:4)
  2 iguanas
  Natasha (D:3)
  4 orc wizards
  2 killer bee zombies
  2 hound skeletons (D:4)
  A howler monkey zombie (D:5)
  5 adders
  5 river rats
  An adder zombie (D:2)
  2 adder skeletons
  2 worms (D:3)
  2 dart slugs
  15 orcs
  4 endoplasms
  2 giant cockroaches (D:1)
  6 goblins
  14 hobgoblins
  4 jackals
  8 kobolds
  2 quokkas
  8 ball pythons
  A ball python skeleton (D:2)
  A ball python zombie (D:2)
  9 bats
  A frilled lizard (D:2)
  A quokka skeleton (D:2)
  13 rats
143 creatures vanquished.

Vanquished Creatures (collateral kills)
  A wyvern (D:7)
  A water moccasin (D:7)
  An ogre (D:5)
  An orc priest (D:3)
  2 jellies
  Ijyb (D:4)
  2 adders
  A white imp (D:5)
  An adder zombie (D:2)
  3 worms
  A dart slug (D:5)
  4 orcs
  2 endoplasms
  A goblin (D:4)
  A hobgoblin (D:1)
  2 jackals (D:2)
  A quokka (D:2)
  A ball python (D:2)
  A quokka zombie (D:2)
  A rat (D:3)
29 creatures vanquished.

Vanquished Creatures (others)
  6 plants
  3 withered plants
9 creatures vanquished.

Grand Total: 181 creatures vanquished

Notes
Turn   | Place    | Note
-------+----------+-------------------------------------------
     0 | D:1      | zeram the Troll Summoner began the quest for the Orb.
     0 | D:1      | Reached XP level 1. HP: 16/16 MP: 1/1
    13 | D:1      | Reached skill level 3 in Summonings
    81 | D:1      | Reached XP level 2. HP: 24/24 MP: 2/2
   323 | D:1      | Reached XP level 3. HP: 30/31 MP: 0/3
   326 | D:1      | Learned a level 2 spell: Call Imp
   493 | D:1      | Found a faded altar of an unknown god.
  1110 | D:2      | Reached XP level 4. HP: 30/39 MP: 1/4
  1197 | D:2      | Found a runed translucent door.
  1198 | D:2      | Noticed Crazy Yiuf
  1236 | D:2      | Reached skill level 4 in Summonings
  1269 | D:2      | Reached skill level 1 in Maces & Flails
  1797 | D:2      | Killed Crazy Yiuf
  2158 | D:3      | Reached XP level 5. HP: 41/45 MP: 2/5
  2486 | D:3      | Reached XP level 6. HP: 44/53 MP: 1/6
  2492 | D:3      | Found a glowing drain.
  2504 | Sewer    | Entered a sewer
  2613 | Sewer    | Learned a level 3 spell: Call Canine Familiar
  2637 | Sewer    | Reached skill level 5 in Summonings
  2718 | Sewer    | Found a white marble altar of Elyvilon.
  2883 | D:3      | Noticed Natasha
  2893 | D:3      | Killed Natasha
  3041 | D:4      | Noticed Ijyb
  3054 | D:4      | Killed Ijyb
  3159 | D:4      | Found a staircase to the Ecumenical Temple.
  3261 | Temple   | Entered the Ecumenical Temple
  3524 | Temple   | Became a worshipper of Gozag Ym Sagoz the Greedy
  3598 | D:4      | Found an iron altar of Okawaru.
  3637 | D:4      | Reached XP level 7. HP: 57/59 MP: 7/7
  3703 | D:4      | Found a basalt altar of Yredelemnul.
  3960 | D:5      | Entered Level 5 of the Dungeon
  4065 | D:5      | Reached skill level 6 in Summonings
  4297 | D:5      | Found Vehojia's Book Emporium.
  4337 | D:5      | Reached XP level 8. HP: 67/67 MP: 2/8
  4568 | D:5      | Found Burepp's Antique Armour Emporium.
  4601 | D:5      | Found a stormy altar of Qazlal.
  4744 | D:5      | Found Sosovve's Book Emporium.
  4980 | D:6      | Reached skill level 7 in Summonings
  5001 | D:6      | HP: 1/67 [something (4)]
  5389 | D:6      | Found a broken altar of Ashenzari.
  5481 | D:6      | Found Umpuz's Book Shop.
  5586 | D:6      | Learned a level 4 spell: Summon Lightning Spire
  5665 | D:7      | Identified the +4 hand axe of the Screaming Jester {venom,
                  | rCorr Str+3}
  5950 | D:7      | Reached XP level 9. HP: 72/74 MP: 1/9
  6021 | D:7      | Found a blossoming altar of Fedhas.
  6041 | D:7      | Reached skill level 8 in Summonings
  6202 | D:7      | Noticed Joseph
  6389 | D:8      | Noticed a purple ugly thing
  6390 | D:8      | Noticed a centaur warrior
  6399 | D:8      | Shot with an arrow by a centaur warrior

Illustrated notes

Levels and vault maps discovered:
D:1:      dpeg_arrival_line_fractal, layout_rooms, shapermc_ecumenical_altar_gd,
          serial_forest, infiniplex_forest_clump_diagonal,
          infiniplex_forest_straight_3, infiniplex_forest_clump_tiny,
          infiniplex_forest_side_room, infiniplex_forest_end_double,
          minmay_ruptured
D:2:      layout_rooms, serial_undead, serial_undead_f, serial_undead_c,
          serial_undead_a, serial_undead_c, serial_undead_a, serial_undead_a,
          wad_orctagon, uniq_crazy_yiuf_cottage
D:3:      layout_rooms, portal_sewer_entry_e, uniq_natasha
D:4:      layout_basic, okawaru_ov_weapons_minmay, mainiacjoe_overflow_alcove_2,
          minmay_temple_entry_hall, uniq_ijyb
D:5:      layout_loops_cross, grunt_qazlal_sundering, serial_shops, shop_statue,
          nicolae_stop_n_shop_2, nicolae_shop_competitors_out_of_business
D:6:      cheibrodos_steamvent, layout_rooms, evilmike_ruin_ashenzari,
          serial_shops, nicolae_shop_window_shopping
D:7:      layout_loops_ring, fedhas_ov_isle_minmay, chequers_arboretum,
          uniq_joseph
D:8:      layout_loops_corners, enter_bailey_3, minmay_diamond_spiral,
          uniq_harold
Temple:   compressed_dpeg_triangle_lava_temple

Skill      XL: |  1  2  3  4  5  6  7  8  9 |
---------------+----------------------------+-----
Summonings     | 3 4 5 6 7 8 |  8.2
Dodging        | 2 3 4 |  4.7
Maces & Flails | 1 2 4 |  4.5
Stealth        | |  1.0
Spellcasting   | |  1.2

Action                   |  1- 3 |  4- 6 |  7- 9 || total
-------------------------+-------+-------+-------++-------
Melee: Unarmed           |    64 |       |       ||    64
       Club              |   149 |   103 |   157 ||   409
       Hand axe          |       |   101 |       ||   101
 Cast: Summon Small Mamm |     9 |     4 |     3 ||    16
       Call Imp          |     6 |    29 |    29 ||    64
       Call Canine Famil |       |     1 |    13 ||    14
  Use: Scroll            |     3 |       |     8 ||    11
       Potion            |       |     1 |     3 ||     4
 Stab: Sleeping          |       |     2 |     1 ||     3
       Distracted        |       |       |     4 ||     4
Armor: Robe              |   135 |    73 |    50 ||   258
Dodge: Dodged            |   153 |   125 |    92 ||   370
